AoeStats
← damiansima

Nomad

510412746Analyzed
4v4 RM · 18h ago on Sep 30, 2026· 53m 17s· 8 players
Game mode
Random Map
Map size
231×231
Population
200
Speed
Normal
Resources
Standard
Victory
Conquest
Starting age
Dark Age
Ending age
Imperial Age
RankedLock teamsTeams togetherTeam positionsShared explorationLock speedFull tech treeHidden civsTurbo modeCheats
Victory
Defeat
🇦🇷 Wu · Argentina
1220
+13
🇨🇴 Turks · Colombia
1215
+14
🇧🇷 Italians · Brazil
1200
+14
🇦🇷 Huns · Argentina
1194
+14
🇦🇷 Wu · Argentina
1223
-16
🇦🇷 Vietnamese · Argentina
1167
-14
🇦🇷 Vikings · Argentina
1143
-13
🇦🇷 Koreans · Argentina
1109
-12
lucasferraro.lp
4:21 Loom
15:05 Feudal Age
22:49 Castle Age
21:20 Scale Barding Armor
21:26 Forging
21:57 Gold Mining
22:36 Double-Bit Axe
22:44 Stone Mining
24:13 Wheelbarrow
23:27 Fishing Lines
24:47 Gillnets
28:39 Fletching
30:27 Iron Casting
30:41 Bow Saw
30:20 Man-at-Arms
32:41 Scale Mail Armor
32:17 Long Swordsman
39:10 Horse Collar
41:08 Chain Mail Armor
43:03 Gold Shaft Mining
43:35 Hand Cart
43:07 Town Watch
43:15 Demolition Ship
44:10 Medium Warships
44:30 Heavy Plow
47:42 Imperial Age
46:10 Squires
45:30 Pikeman
46:39 Bodkin Arrow
46:13 Demolition Ship
47:43 Chain Barding Armor
47:54 Ballistics
49:14 Conscription
48:59 Marauders
48:23 Halberdier
48:24 Two-Handed Swordsman
51:27 Chemistry
50:42 Town Patrol
51:21 Bloodlines
51:11 Husbandry
FormigaMalukao
13:21 Feudal Age
13:55 Fishing Lines
14:36 Double-Bit Axe
15:43 Town Watch
20:34 Castle Age
20:30 Loom
20:39 Stone Mining
20:41 Gold Mining
20:54 Fletching
22:12 Bow Saw
22:37 Gillnets
25:15 Wheelbarrow
25:26 Horse Collar
26:13 Bodkin Arrow
26:19 Padded Archer Armor
30:49 Imperial Age
29:15 Leather Archer Armor
33:05 Chemistry
31:44 Elite Skirmisher
34:05 Ring Archer Armor
34:50 Squires
34:57 Scale Mail Armor
36:34 Conscription
37:02 Thumb Ring
38:26 Arson
38:58 Chain Mail Armor
39:21 Forging
40:00 Ballistics
41:05 Bracer
43:33 Hand Cart
45:26 Plate Mail Armor
46:09 Iron Casting
47:01 Two-Man Saw
46:32 Heavy Plow
46:10 Elite Genoese Crossbowman
50:28 Blast Furnace
52:41 Crop Rotation
52:19 Caravan
damiansima
8:39 Loom
13:31 Feudal Age
19:13 Castle Age
17:08 Gold Mining
17:11 Stone Mining
17:12 Fletching
18:03 Horse Collar
18:14 Gold Mining
21:16 Double-Bit Axe
40:48 Wheelbarrow
43:51 Imperial Age
43:32 Bodkin Arrow
43:38 Padded Archer Armor
44:24 Red Cliffs Tactics
44:34 Bracer
45:39 Conscription
46:07 Squires
45:52 Arson
46:15 Scale Mail Armor
46:25 Forging
47:37 Chain Mail Armor
48:33 Iron Casting
48:45 Hand Cart
48:15 Town Watch
49:32 Gold Shaft Mining
50:18 Chemistry
50:36 Plate Mail Armor
51:07 Blast Furnace
50:04 Elite Fire Archer
hargir
3:46 Loom
14:58 Feudal Age
17:43 Double-Bit Axe
24:17 Castle Age
23:45 Wheelbarrow
25:41 Bow Saw
35:52 Imperial Age
34:00 Wheelbarrow
33:26 Town Watch
34:28 Forging
36:21 Iron Casting
36:01 Capped Ram
37:34 Scale Mail Armor
38:35 Blast Furnace
37:41 Scale Barding Armor
37:18 Heavy Camel Rider
42:05 Chain Barding Armor
44:56 Plate Barding Armor
44:06 Horse Collar
46:03 Conscription
47:01 Heavy Plow
48:48 Chain Mail Armor
50:56 Plate Mail Armor
50:36 Caravan
51:43 Ballistics
51:47 Padded Archer Armor
52:53 Leather Archer Armor
52:56 Town Patrol
54:06 Bloodlines
chifi
11:22 Loom
15:04 Feudal Age
21:07 Castle Age
19:41 Double-Bit Axe
32:18 Fletching
38:55 Bodkin Arrow
52:39 Wheelbarrow
ELDIOSCHICHOLIN
3:43 Loom
14:13 Feudal Age
15:25 Double-Bit Axe
22:31 Castle Age
23:06 Pikeman
30:03 Scale Mail Armor
34:50 Horse Collar
46:05 Fishing Lines
49:08 Imperial Age
46:57 Town Watch
48:32 Gillnets
50:18 Elite Skirmisher
51:40 Fletching
51:51 Padded Archer Armor
52:17 Bodkin Arrow
Perón
7:53 Loom
15:58 Feudal Age
18:20 Double-Bit Axe
21:37 Castle Age
19:23 Fishing Lines
19:50 Fletching
21:59 Gold Mining
22:02 Stone Mining
22:21 Pikeman
23:22 Medium Warships
24:42 Bodkin Arrow
26:42 Bow Saw
26:47 Gillnets
30:58 Imperial Age
29:10 Padded Archer Armor
32:28 Wheelbarrow
32:04 Elite Skirmisher
33:00 Leather Archer Armor
32:45 Bracer
35:03 Imperial Skirmisher
36:41 Ring Archer Armor
37:44 Ballistics
38:08 Squires
38:35 Hand Cart
40:04 Chemistry
39:42 Horse Collar
41:43 Heavy Plow
42:27 Halberdier
46:07 Scale Mail Armor
46:18 Forging
47:16 Crop Rotation
47:28 Chain Mail Armor
49:05 Plate Mail Armor
49:11 Iron Casting
Capiango2.0
3:22 Loom
14:33 Feudal Age
16:13 Town Watch
16:13 Man-at-Arms
17:24 Arson
17:31 Double-Bit Axe
19:21 Forging
24:37 Castle Age
24:59 Scale Mail Armor
25:24 Squires
26:31 Bow Saw
26:16 Gold Mining
29:57 Chain Mail Armor
43:39 Imperial Age
44:03 Gold Shaft Mining
45:29 Two-Man Saw
44:11 Horse Collar
47:13 Plate Mail Armor
47:52 Iron Casting
49:45 Conscription
49:39 Padded Archer Armor
53:16 Blast Furnace
52:10 Fletching
52:36 Leather Archer Armor
Connection lost

Rejoining the realm…

Still unreachable

The connection could not be restored.

Session expired

The server has moved on; the page needs a fresh start.